 Dungeon Crawl Stone Soup version 0.27-a0-1381-g81fdcbfb23 (webtiles) character file.

Game seed: 16849516845005498954

556 Froggeryz the Cutter (level 7, -6/69 HPs)
             Began as an Octopode Berserker on June 30, 2021.
             Was a Believer of Trog.
             Mangled by Duvessa (13 damage)
             ... on level 4 of the Dungeon.
             The game lasted 00:02:43 (3324 turns).

Froggeryz the Cutter (Octopode Berserker)           Turns: 3324, Time: 00:02:44

Health: -6/69      AC:  1    Str: 17    XL:     7   Next: 30%
Magic:  7/7        EV: 13    Int:  9    God:    Trog [**....]
Gold:   85         SH:  0    Dex: 13    Spells: 6/6 levels left

rFire    . . .     SeeInvis .   a - +1 short sword
rCold    . . .     Faith    .   (no shield)
rNeg     . . .     Spirit   .   (helmet restricted)
rPois    .         Reflect  .   (no amulet)
rElec    .         Harm     .   (no ring)
rCorr    .         Rampage  .   (no ring)
Will     .....                  (no ring)
Stlth    ..........             (no ring)
HPRegen  0.21/turn              (no ring)
MPRegen  0.10/turn              (no ring)
                                (no ring)
                                (no ring)

@: berserking (expiring), very quick
A: almost no armour, amphibious, 8 rings, camouflage 1, gelatinous body 1,
(nimble swimmer 1), tentacles
a: Renounce Religion, Berserk, Trog's Hand


You were on level 4 of the Dungeon.
You worshipped Trog.
Trog was pleased with you.
You visited 1 branch of the dungeon, and saw 4 of its levels.

You collected 85 gold pieces.

Inventory:

Hand Weapons
 a - a +1 short sword (weapon)
 p - a +1 dagger of speed
Missiles
 j - 5 boomerangs
 l - 4 poisoned darts
Wands
 o - a wand of flame (20)
Scrolls
 e - a scroll of teleportation
 g - a scroll of identify
 i - a scroll of fear {unknown}
 m - a scroll of enchant armour {unknown}
 n - a scroll of acquirement {unknown}
Potions
 b - a potion of heal wounds {unknown}
 c - 3 potions of haste {unknown}
 d - 2 potions of berserk rage {unknown}
 f - 3 potions of curing {unknown}
 h - a potion of flight {unknown}
 k - a potion of magic {unknown}


   Skills:
 - Level 3.0 Fighting
 * Level 6.9 Short Blades
 - Level 3.0 Dodging
 + Level 5.9 Stealth


You had 6 spell levels left.
You didn't know any spells.
Your spell library was empty.

Dungeon Overview and Level Annotations

Branches:
Dungeon (4/15)
 Temple: D:4-7

Altars:
Makhleb

Annotations:
D:4 Duvessa, Natasha


Innate Abilities, Weirdness & Mutations

You cannot wear most types of armour.
You are amphibious.
You can wear up to eight rings at the same time.
Your skin changes colour to match your surroundings (Stealth+).
Your rubbery body absorbs attacks. (AC +1, EV +1)
((You are camouflaged near water. (Stealth+)))
You have tentacles for arms and can constrict up to eight enemies at once.


Message History

Dowan shouts!
Duvessa shouts!
Dowan casts a spell at you. The puff of frost hits you.
You see here a scroll labelled DUSAOM ZINE.
Dowan zaps a wand.
The puff of flame misses you. Dowan completely misses you.
A red film seems to cover your vision as you go berserk!
You feel yourself moving faster!
You feel mighty!
Dowan zaps a wand.
The puff of flame hits you!
You closely miss Dowan. You grab Dowan. You constrict Dowan, but do no damage.
Dowan casts a spell at you. The puff of flame hits you!
You puncture Dowan!
Dowan is heavily wounded.
You constrict Dowan. You completely miss Dowan.
Dowan is heavily wounded.
You constrict Dowan, but do no damage. Dowan hits you with a +0 dagger.
You completely miss Dowan.
Dowan is heavily wounded.
You constrict Dowan. You puncture Dowan!
You kill Dowan!
Trog accepts your kill.
Trog appreciates your killing of a magic user.
Duvessa screams in rage.
Duvessa goes berserk!
You closely miss Duvessa. Your grab misses Duvessa. You squeeze Duvessa!
Duvessa is moderately wounded.
Duvessa hits you with a +0 short sword!!
* * * LOW HITPOINT WARNING * * *
You hit Duvessa. You grab Duvessa.
Duvessa is moderately wounded.
You constrict Duvessa. Duvessa hits you with a +0 short sword!
* * * LOW HITPOINT WARNING * * *
You puncture Duvessa!
Duvessa is heavily wounded.
You constrict Duvessa, but do no damage.
Duvessa hits you with a +0 short sword!
You die...

####..#..# ...# #.##
#....#..# ..## #...
#####.####.## .# ###.
#.....# #.####..# #.
##.##### #......# ##
####..########.######
# #.............?#
#.############.# ..
#@# ## #e# #.# #.#
..# ###


You could see Duvessa (berserk).

Vanquished Creatures
  Sigmund (D:3)
  Dowan (D:4)
  A hound (D:4)
  3 iron imps (D:3)
  A centaur skeleton (D:2)
  2 iguanas (D:4)
  3 orc wizards (D:4)
  3 adders
  3 dart slugs
  An orc (D:3)
  4 endoplasms
  2 giant cockroaches
  3 goblins
  8 hobgoblins
  5 jackals
  7 kobolds
  A quokka (D:1)
  6 ball pythons
  A bat (D:2)
  2 frilled lizards
  3 rats
61 creatures vanquished.

Notes
Turn   | Place    | Note
-------+----------+-------------------------------------------
     0 | D:1      | Froggeryz the Octopode Berserker began the quest for the
                  | Orb.
     0 | D:1      | Reached XP level 1. HP: 16/16 MP: 1/1
   214 | D:1      | Reached skill level 1 in Stealth
   361 | D:1      | Reached XP level 2. HP: 15/21 MP: 2/2
   658 | D:1      | Found a faded altar of an unknown god.
  1068 | D:2      | Reached skill level 4 in Short Blades
  1068 | D:2      | Reached XP level 3. HP: 17/26 MP: 3/3
  1222 | D:2      | Reached XP level 4. HP: 31/31 MP: 4/4
  1266 | D:2      | Reached ** piety under Trog
  1667 | D:3      | Noticed Sigmund
  2691 | D:3      | Found a burning altar of Makhleb.
  2749 | D:3      | Killed Sigmund
  2750 | D:3      | Reached skill level 5 in Short Blades
  2750 | D:3      | Reached XP level 5. HP: 36/36 MP: 5/5
  2750 | D:3      | Reached XP level 6. HP: 42/42 MP: 6/6
  2808 | D:3      | Reached skill level 6 in Short Blades
  2812 | D:3      | Reached skill level 5 in Stealth
  3133 | D:4      | Reached XP level 7. HP: 46/46 MP: 7/7
  3189 | D:4      | Noticed Natasha
  3309 | D:4      | Noticed Dowan
  3312 | D:4      | Noticed Duvessa
  3321 | D:4      | Killed Dowan
  3324 | D:4      | Mangled by Duvessa

Illustrated notes

Levels and vault maps discovered:
D:1:      minmay_arrival_nine_rooms, layout_loops_ring,
          shapermc_ecumenical_altar_mp_highgroup, chequers_serial_rivers_small_3
D:2:      layout_rooms
D:3:      layout_basic, demons_altar, minmay_box_of_dots, uniq_sigmund
D:4:      layout_rooms, minmay_temple_entry_sparse_star,
          minmay_misc_feat_square, minmay_a_box_with_orc_wizards_in_it,
          uniq_natasha, uniq_duvessa

Skill      XL: |  1  2  3  4  5  6 |
---------------+-------------------+-----
Stealth        | 1 2 4 5 |  5.9
Short Blades   | 4 5 6 |  6.9
Fighting       | |  3.0
Dodging        | |  3.0

Action                   |  1- 3 |  4- 6 |  7- 9 || total
-------------------------+-------+-------+-------++-------
Melee: Short sword       |    43 |    72 |    18 ||   133
       Constrict         |    12 |    17 |     4 ||    33
       Tentacles         |     7 |    11 |     4 ||    22
Invok: Berserk           |     1 |     1 |     2 ||     4
       Trog's Hand       |       |     2 |       ||     2
  Use: Scroll            |       |     4 |     1 ||     5
 Stab: Sleeping          |     1 |    12 |     1 ||    14
Armor: Skin              |     2 |     2 |       ||     4
Dodge: Dodged            |    24 |    27 |     5 ||    56

Table legend: (Time is in decaauts)
 A = Elapsed time spent in this place.
 B = Non-inter-level travel time spent in this place.
 C = Inter-level travel time spent in this place.
 D = Time resting spent in this place.
 E = Time spent auto-exploring this place.
 F = Levels seen in this place.
 G = Mean time per level.
                   A        B        C        D        E       F      G
               +--------+--------+--------+--------+--------+-----+--------+
         Total |   3332 |   3239 |     93 |    313 |   2507 |   4 |  833.0 |
       Dungeon |   3332 |   3239 |     93 |    313 |   2507 |   4 |  833.0 |
               +--------+--------+--------+--------+--------+-----+--------+

Top non-repeatable levels by time:
     D:3: 1350 daAuts
     D:1: 1013 daAuts
     D:2: 623 daAuts
     D:4: 344 daAuts
